 Dungeon Crawl Stone Soup version 0.19-a0-1091-g463c9de (webtiles) character file.

96100 Kidiri the Thaumaturge (level 15, -8/86 HPs)
             Began as a Deep Elf Fire Elementalist on Aug 7, 2016.
             Was a High Priest of Vehumet.
             Mangled by a giant leech (29 damage)
             ... on level 2 of the Swamp.
             The game lasted 02:15:16 (34722 turns).

Kidiri the Thaumaturge (DEFE)                      Turns: 34722, Time: 02:15:16

Health: -8/86      AC: 15    Str: 16    XL:     15   Next: 68%
Magic:  5/35       EV: 15    Int: 30    God:    Vehumet [*****.]
Gold:   2051       SH:  6    Dex: 18    Spells: 12 memorised, 8 levels left

rFire  . . .     SeeInvis .     s - +7 rapier of Cigur {venom, Str+5}
rCold  . . .     Gourm    .     m - +1 leather armour "Xurion" {+Blink rElec rC- Int+3}
rNeg   . . .     Faith    .     y - +0 buckler
rPois  +         Spirit   .     (no helmet)
rElec  +         Dismiss  .     H - +1 cloak of Starlight {rElec rC+ EV+4 Stlth--}
rCorr  .         Reflect  .     I - +2 pair of gloves {Dex+3}
SustAt .         Harm     .     p - +1 pair of boots
MR     ++...     Rnd*Rage +     o - amulet of regeneration
Stlth  ..........               K - ring "Googa" {Wiz Str+4}
                                q - ring "Ecafut" {*Confuse +Inv rPois MR+ Slay+5}

@: grasped by roots, very slow
A: iridescent scales 1, rugged brown scales 1, berserk 1, mutation resistance 1,
strong 1, subdued magic 1, MP-powered wands
a: Renounce Religion, Evoke Blink, Evoke Invisibility


You were on level 2 of the Swamp.
You worshipped Vehumet.
Vehumet was extremely pleased with you.
You were very hungry.

You visited 5 branches of the dungeon, and saw 24 of its levels.
You also visited: Labyrinth.

You collected 2437 gold pieces.
You spent 386 gold pieces at shops.

Inventory:

Hand Weapons
 s - the +7 rapier of Cigur (weapon) {venom, Str+5}
   (You bought it in a shop on level 1 of the Orcish Mines)

   It poisons the flesh of those it strikes.
   It affects your strength (+5).
 N - a +3 dagger of holy wrath
Armour
 g - a +0 mottled dragon armour
 m - the +1 leather armour "Xurion" (worn) {+Blink rElec rC- Int+3}
   (You bought it in a shop on level 2 of the Orcish Mines)

   It affects your intelligence (+3).
   It makes you vulnerable to cold.
   It insulates you from electricity.
   It lets you blink.
 p - a +1 pair of boots (worn)
 y - a +0 buckler (worn)
 H - the +1 cloak of Starlight (worn) {rElec rC+ EV+4 Stlth--}
   (You found it in a labyrinth)

   It affects your evasion (+4).
   It protects you from cold.
   It insulates you from electricity.
   It makes you much less stealthy.
 I - a +2 pair of gloves of dexterity (worn)
Jewellery
 o - an amulet of regeneration (around neck)
 q - the ring "Ecafut" (left hand) {*Confuse +Inv rPois MR+ Slay+5}
   (You found it on level 6 of the Lair of Beasts)

   [ring of protection from magic]

   It affects your accuracy and damage with ranged weapons and melee attacks
   (+5).
   It protects you from poison.
   It affects your resistance to hostile enchantments.
   It lets you turn invisible.
   It may confuse you when you take damage.
 F - an uncursed ring of fire
 K - the ring "Googa" (right hand) {Wiz Str+4}
   (You acquired it on level 13 of the Dungeon)

   [ring of wizardry]

   It improves your spell success rate.
   It affects your strength (+4).
Wands
 d - a wand of lightning (7/15)
 h - a wand of digging (16/24)
 u - a wand of confusion (24/48)
 v - a wand of teleportation (0/9)
 w - a wand of confusion (26/48)
 x - a wand of disintegration (19/24)
 B - a wand of enslavement (8/24)
 G - a wand of digging (1/24)
 L - a wand of digging (4/24)
Scrolls
 b - a scroll of teleportation
 j - 5 scrolls of remove curse
 k - 3 scrolls of recharging
 t - a scroll of holy word
 M - 2 scrolls of amnesia
 O - a scroll of magic mapping
 P - a scroll of summoning
Potions
 a - a potion of ambrosia
 e - 2 potions of cure mutation
 f - a potion of curing
 i - 2 potions of brilliance
 l - 3 potions of might
 n - 3 potions of agility
 A - a potion of cancellation
 C - a potion of haste
 Q - 8 potions of lignification
Books
 E - a book of the Tempests

   Spells                             Type                      Level
   a - Static Discharge               Conjuration/Air              3
   b - Lightning Bolt                 Conjuration/Air              5
   c - Fireball                       Conjuration/Fire             5
   d - Tornado                        Air                          9
   e - Shatter                        Earth                        9
Comestibles
 c - 13 bread rations
 r - 2 chunks of flesh


   Skills:
 + Level 6.5 Fighting
 + Level 7.7 Short Blades
 + Level 6.1 Armour
 + Level 9.5 Dodging
 - Level 2.4 Stealth
 + Level 4.6 Shields
 * Level 14.6 Spellcasting
 * Level 12.7 Conjurations
 * Level 12.8 Fire Magic
 + Level 7.7 Ice Magic
 + Level 7.2 Air Magic
 + Level 8.7 Evocations


You had 8 spell levels left.
You knew the following spells:

 Your Spells              Type           Power        Failure   Level  Hunger
a - Flame Tongue          Conj/Fire      #####        0%          1    None
b - Throw Flame           Conj/Fire      ######       0%          2    None
c - Conjure Flame         Conj/Fire      ######..     1%          3    None
d - Inner Flame           Hex/Fire       #####...     1%          3    None
e - Sticky Flame          Conj/Fire      ######..     1%          4    None
f - Fireball              Conj/Fire      ######....   1%          5    None
g - Bolt of Fire          Conj/Fire      ######....   1%          6    ###....
h - Delayed Fireball      Conj/Fire      N/A          1%          7    #####..
i - Dazzling Spray        Conj/Hex       #####.       1%          3    None
j - Airstrike             Air            ######....   1%          4    None
k - Freeze                Ice            ####         1%          1    None
l - Shock                 Conj/Air       ####         1%          1    None


Dungeon Overview and Level Annotations

Branches:
Dungeon (13/15)            Temple (1/1) D:5            Lair (6/6) D:9
  Swamp (2/4) Lair:3        Snake (0/4) Lair:2        Slime (0/5) Lair:5
    Orc (2/2) D:12            Elf (0/3) Orc:2        Vaults (0/5) D:13

Altars:
Ashenzari
Cheibriados
Dithmenos
Elyvilon
Fedhas
Gozag
Hepliaklqana
Kikubaaqudgha
Makhleb
Nemelex Xobeh
Okawaru
Pakellas
Qazlal
Ru
Sif Muna
Trog
Uskayaw
Vehumet
Xom
Yredelemnul
Zin
The Shining One
Beogh

Shops:
Orc:1 (   Orc:2 %%}[(

Portals:
Pandemonium: Orc:2
Trove: D:11 (give 6 potions of agility)

Annotations:
Swamp:2 Jorgrun


Innate Abilities, Weirdness & Mutations

You are partially covered in iridescent scales. (AC +2)
You are partially covered in rugged brown scales. (AC +1, +3% HP)
You tend to lose your temper in combat.
You are somewhat resistant to further mutation.
Your muscles are strong. (Str +2)
Your spells are a little easier to cast, but a little less powerful.
You expend magic power (3 MP) to strengthen your wands.


Message History

Unknown command.
Casting: Bolt of Fire
Confirm with . or Enter, or press ? or * to list all spells.
You don't have enough magic to cast that spell.
Unknown command.
Unknown command.
Okay, then.
Unknown command.
The ground creaks as gnarled roots bulge its surface.
Roots grasp at your feet, making movement difficult.
The giant leech barely misses you.
The bog body points at you and mumbles some strange words.
The bolt of cold misses you.
Things that are here:
a book of the Tempests; a chunk of flesh You hit the giant leech but do no damage.
The giant leech looks as sick as possible!
The giant leech is severely wounded.
The giant leech bites you!!
You die...

§≈≈≈≈
........≈≈≈♣
♣§§≈≈≈
...≈≈≈≈...≈♣
§§≈≈≈≈
≈.≈≈≈≈≈≈≈..♣
§§§§≈≈
≈.≈≈≈≈≈≈≈≈.♣♣
g§§§≈≈
≈§.≈f§≈≈≈≈♣
.§...≈
§.≈≈§≈≈♣
♣♣♣F...≈≈
♣≈.≈≈♣
♣.<.≈≈≈≈♣
♣w@≈≈♣
♣§♣≈≈≈≈.♣
♣†<≈≈♣♣♣ ♣♣
≈≈≈≈.≈
♣.n≈≈≈≈≈♣
.≈≈≈)♣
♣♣.≈≈≈≈≈≈≈
.≈≈≈≈.
♣♣.(≈≈≈≈≈
.≈≈≈≈.
≈≈≈≈≈≈≈
.≈≈≈..
≈≈≈.≈≈≈
..≈.♣♣
≈≈≈≈≈≈≈
≈......


You could see a shambling mangrove, a giant leech and a bog body.

Vanquished Creatures
  A frost giant (D:13)
  A minotaur (Lab)
  Josephine (D:13)
  3 vault guards (D:13)
  14 hydras
  A death knight (D:13)
  6 catoblepae
  6 alligators (Swamp:1)
  13 death yaks (Lair:6)
  4 centaur warriors (D:13)
  A deep troll earth mage (D:13)
  6 orc high priests (Orc:2)
  A deep elf knight (D:13)
  A swamp dragon (Swamp:1)
  2 gelid demonspawn (Orc:2)
  2 hill giants (D:13)
  A flayed ghost (D:13)
  A lindwurm (Lair:4)
  A deep elf mage (D:13)
  6 orc knights
  2 griffons
  A hornet (Swamp:1)
  An ugly thing (D:12)
  2 wolf spiders
  6 orc sorcerers
  3 cyclopes
  A torpor snail (Lair:6)
  4 black mambas
  Joseph (Lair:1)
  16 spiny frogs
  A smoke demon (Orc:2)
  3 komodo dragons
  2 gargoyles (D:13)
  A yaktaur (D:13)
  An ice devil (Orc:2)
  2 rime drakes
  A red devil (Orc:2)
  3 tengu conjurers
  3 trolls
  A two-headed ogre (D:11)
  Grinder (D:3)
  2 giant leeches (Swamp:1)
  4 bog bodies
  10 blink frogs
  Sigmund (D:3)
  6 spriggans (Lair:2)
  4 wraiths (D:13)
  2 basilisks
  4 wyverns
  A water elemental (D:13)
  48 yaks
  2 chaos spawn (Orc:2)
  Eustachio (D:4)
  7 vampire mosquitoes
  8 hippogriffs
  8 hungry ghosts
  A neqoxec (Orc:2)
  A mottled dragon (D:11)
  7 wargs
  5 swamp worms
  9 water moccasins
  4 porcupines
  2 swamp drakes (Swamp:1)
  2 sky beasts
  26 orc warriors
  5 ice beasts
  4 black bears
  A necrophage (D:13)
  2 phantoms
  4 wasps
  11 centaurs
  8 ogres
  3 big kobolds
  19 crocodiles
  20 giant frogs
  A wyvern zombie (D:13)
  4 scorpions
  A wyvern skeleton (D:11)
  6 wights (D:7)
  13 killer bees
  3 electric eels
  2 howler monkeys
  4 crimson imps
  4 giant frog zombies
  5 hounds
  3 centaur zombies
  27 orc priests
  2 giant frog skeletons
  7 jellies
  36 orc wizards
  6 centaur skeletons
  Terence (D:3)
  13 iguanas
  13 worker ants
  11 sheep
  2 hound skeletons
  A worker ant zombie (D:10)
  6 gnolls
  16 adders
  33 river rats
  3 shadow imps
  An ooze (D:2)
  An adder skeleton (D:8)
  A worm (D:3)
  2 dart slugs
  12 giant geckos
  97 orcs
  6 giant cockroaches
  9 goblins
  10 hobgoblins
  12 jackals
  23 kobolds
  10 quokkas
  2 ball pythons
  5 bats
  13 giant newts
  2 jackal skeletons
  A quokka skeleton (D:4)
  9 rats
  2 plants
811 creatures vanquished.

Vanquished Creatures (collateral kills)
  2 death yaks (Lair:1)
  A spriggan (Lair:1)
  2 plants (Lair:1)
5 creatures vanquished.

Vanquished Creatures (others)
  An orc (D:13)
  4 fungi
  3 plants (Lair:6)
8 creatures vanquished.

Grand Total: 824 creatures vanquished

Notes
Turn   | Place    | Note
-------+----------+-------------------------------------------
     0 | D:1      | Kidiri the Deep Elf Fire Elementalist began the quest for the Orb.
     0 | D:1      | Reached XP level 1. HP: 10/10 MP: 6/6
   309 | D:1      | Reached XP level 2. HP: 15/15 MP: 4/8
   364 | D:1      | Learned a level 2 spell: Throw Flame
  1119 | D:1      | Reached XP level 3. HP: 8/19 MP: 5/10
  1147 | D:1      | Learned a level 3 spell: Conjure Flame
  1151 | D:1      | Learned a level 3 spell: Inner Flame
  1630 | D:2      | Reached XP level 4. HP: 16/24 MP: 6/11
  1633 | D:2      | Reached skill level 4 in Spellcasting
  1712 | D:2      | Found a sparkling altar of Nemelex Xobeh.
  2380 | D:3      | Noticed Grinder
  2392 | D:3      | Killed Grinder
  2392 | D:3      | Reached skill level 5 in Spellcasting
  2392 | D:3      | Reached skill level 5 in Fire Magic
  2392 | D:3      | Reached XP level 5. HP: 10/28 MP: 6/14
  2392 | D:3      | Reached XP level 6. HP: 12/32 MP: 6/15
  2516 | D:3      | Learned a level 4 spell: Sticky Flame
  2773 | D:3      | Noticed Terence
  2780 | D:3      | Killed Terence
  3001 | D:3      | Noticed Sigmund
  3005 | D:3      | Killed Sigmund
  3005 | D:3      | Reached XP level 7. HP: 37/37 MP: 4/17
  3385 | D:4      | Reached skill level 1 in Fighting
  3385 | D:4      | Reached skill level 1 in Short Blades
  3385 | D:4      | Reached skill level 6 in Spellcasting
  3586 | D:4      | Learned a level 5 spell: Fireball
  3673 | D:4      | Reached skill level 5 in Conjurations
  3673 | D:4      | Reached skill level 1 in Evocations
  3981 | D:4      | Noticed Eustachio
  4009 | D:4      | Killed Eustachio
  4009 | D:4      | Reached skill level 1 in Armour
  4661 | D:5      | Entered Level 5 of the Dungeon
  4707 | D:5      | Found a staircase to the Ecumenical Temple.
  4717 | D:5      | Found an iron altar of Okawaru.
  4734 | Temple   | Entered the Ecumenical Temple
  4975 | Temple   | Became a worshipper of Vehumet
  5006 | D:5      | Reached XP level 8. HP: 41/43 MP: 11/19
  5682 | D:6      | Reached skill level 7 in Spellcasting
  6128 | D:6      | Reached * piety under Vehumet
  6128 | D:6      | Offered knowledge of Freeze by Vehumet.
  6141 | D:6      | Learned a level 1 spell: Freeze
  6719 | D:7      | Reached skill level 1 in Ice Magic
  6816 | D:7      | Reached XP level 9. HP: 48/48 MP: 13/22
  7116 | D:7      | Reached skill level 8 in Spellcasting
  7481 | D:7      | Found a hazy altar of Hepliaklqana.
  8023 | D:8      | Reached skill level 5 in Dodging
  8268 | D:8      | Reached ** piety under Vehumet
  8268 | D:8      | Offered knowledge of Shock by Vehumet.
  8339 | D:8      | Learned a level 1 spell: Shock
  8550 | D:8      | Found a glowing golden altar of the Shining One.
  8892 | D:9      | Noticed a troll
  8902 | D:9      | Killed a troll
  8998 | D:9      | Reached skill level 9 in Spellcasting
  9119 | D:9      | Reached XP level 10. HP: 55/55 MP: 19/25
  9176 | D:9      | Reached skill level 1 in Air Magic
  9210 | D:9      | Found a staircase to the Lair.
  9375 | D:9      | Got a shimmering flail
  9376 | D:9      | Identified the +7 flail "Jelly's Undoing" {elec, Dex+4} (You found it on level 9 of the Dungeon)
  9432 | D:9      | Offered knowledge of Dazzling Spray by Vehumet.
  9450 | D:9      | Learned a level 3 spell: Dazzling Spray
  9561 | D:9      | Identified the Handbook of Flying Evil Magic
  9564 | D:9      | Got a steaming hand axe
  9565 | D:9      | Lost strength.
  9565 | D:9      | Identified the +1 hand axe of Tenkunog {freeze, rC++ Str-5 Int+3 Dex-2} (You found it on level 9 of the Dungeon)
  9697 | D:9      | Found an iron altar of Okawaru.
  9874 | D:9      | Reached *** piety under Vehumet
 10266 | D:9      | Gained mutation: Your body sometimes deteriorates upon taking damage. [potion of mutation]
 10266 | D:9      | Gained mutation: You are agile. (Dex +2) [potion of mutation]
 10266 | D:9      | Gained mutation: You are partially covered in thin metallic scales. (AC +2) [potion of mutation]
 10267 | D:9      | Gained mutation: You have supernaturally acute eyesight. (SInv) [potion of mutation]
 10267 | D:9      | Gained mutation: Armour fits poorly on your strangely shaped body. [potion of mutation]
 10267 | D:9      | Gained mutation: Your flesh is heat resistant. (rF+) [potion of mutation]
 10268 | D:9      | Lost mutation: You are partially covered in thin metallic scales. (AC +2) [potion of mutation]
 10268 | D:9      | Gained mutation: Your body often deteriorates upon taking damage. [potion of mutation]
 10268 | D:9      | Lost mutation: You are agile. (Dex +2) [potion of mutation]
 10270 | D:9      | Gained mutation: You have sharp toenails. [potion of beneficial mutation]
 10272 | Lair:1   | Entered Level 1 of the Lair of Beasts
 10272 | Lair:1   | Noticed Joseph
 10286 | Lair:1   | Killed Joseph
 10476 | Lair:1   | Noticed a spiny frog
 10487 | Lair:1   | Killed a spiny frog
 10567 | Lair:1   | Offered knowledge of Fulminant Prism by Vehumet.
 10613 | Lair:1   | Noticed a death yak
 10614 | Lair:1   | Noticed a death yak
 10619 | Lair:1   | Killed a death yak
 10621 | Lair:1   | Killed a death yak
 10951 | Lair:1   | Reached skill level 10 in Spellcasting
 11223 | Lair:1   | Noticed a black mamba
 11232 | Lair:1   | Killed a black mamba
 11232 | Lair:1   | Reached XP level 11. HP: 46/60 MP: 21/27
 11573 | Lair:1   | Reached skill level 5 in Evocations
 11886 | Lair:2   | Noticed an eight-headed hydra
 11904 | Lair:2   | Killed an eight-headed hydra
 12324 | Lair:2   | Reached **** piety under Vehumet
 12605 | Lair:2   | Noticed an eight-headed hydra
 12618 | Lair:2   | Killed an eight-headed hydra
 12696 | Lair:2   | Noticed an eight-headed hydra
 12704 | Lair:2   | Killed an eight-headed hydra
 12832 | Lair:2   | Lost mutation: Your flesh is heat resistant. (rF+) [potion of cure mutation]
 12832 | Lair:2   | Lost mutation: Your body often deteriorates upon taking damage. [potion of cure mutation]
 12832 | Lair:2   | Lost mutation: You have supernaturally acute eyesight. (SInv) [potion of cure mutation]
 12832 | Lair:2   | Lost mutation: Your body sometimes deteriorates upon taking damage. [potion of cure mutation]
 12832 | Lair:2   | Lost mutation: Armour fits poorly on your strangely shaped body. [potion of cure mutation]
 12832 | Lair:2   | Lost mutation: You have sharp toenails. [potion of cure mutation]
 12836 | Lair:2   | Found a staircase to the Snake Pit.
 12880 | Lair:2   | Offered knowledge of Airstrike by Vehumet.
 12880 | Lair:2   | Reached skill level 5 in Short Blades
 12886 | Lair:2   | Learned a level 4 spell: Airstrike
 13517 | Lair:2   | Reached skill level 11 in Spellcasting
 13893 | Lair:2   | Reached XP level 12. HP: 40/66 MP: 21/29
 14423 | Lair:3   | Found a staircase to the Swamp.
 15475 | Lair:4   | Noticed a catoblepas
 15491 | Lair:4   | Reached skill level 1 in Shields
 15740 | Lair:4   | Reached ***** piety under Vehumet
 15759 | Lair:4   | Offered knowledge of Bolt of Fire by Vehumet.
 15835 | Lair:4   | Learned a level 6 spell: Bolt of Fire
 16011 | Lair:4   | Killed a catoblepas
 16011 | Lair:4   | Reached skill level 5 in Ice Magic
 16128 | Lair:4   | Reached skill level 10 in Conjurations
 16128 | Lair:4   | Reached skill level 10 in Fire Magic
 16932 | Lair:5   | Found a staircase to the Slime Pits.
 17705 | Lair:6   | Entered Level 6 of the Lair of Beasts
 18302 | Lair:6   | Noticed a death yak
 18304 | Lair:6   | Noticed a death yak
 18306 | Lair:6   | Killed a death yak
 18306 | Lair:6   | Reached skill level 12 in Spellcasting
 18310 | Lair:6   | Killed a death yak
 18311 | Lair:6   | Noticed a death yak
 18828 | Lair:6   | Noticed an eight-headed hydra
 18834 | Lair:6   | Killed an eight-headed hydra
 18834 | Lair:6   | Reached XP level 13. HP: 72/72 MP: 13/31
 19078 | Lair:6   | Reached skill level 5 in Fighting
 19439 | Lair:6   | Reached skill level 5 in Air Magic
 19555 | Lair:6   | Reached skill level 5 in Armour
 19764 | Lair:6   | Offered knowledge of Venom Bolt by Vehumet.
 20221 | Lair:6   | Got an ancient silver ring
 20243 | Lair:6   | Identified the ring "Ecafut" {*Confuse +Inv rPois MR+ Slay+5} (You found it on level 6 of the Lair of Beasts)
 20490 | D:10     | Entered Level 10 of the Dungeon
 20566 | D:10     | Found a sparkling altar of Nemelex Xobeh.
 21627 | D:11     | Found a labyrinth entrance.
 21646 | Lab      | Entered a labyrinth
 22552 | Lab      | Found an exit through the horrors of the Abyss.
 22812 | Lab      | Noticed a minotaur
 22817 | Lab      | Killed a minotaur
 23625 | D:11     | Offered knowledge of Delayed Fireball by Vehumet.
 23631 | D:11     | Reached skill level 13 in Spellcasting
 23646 | D:11     | Learned a level 7 spell: Delayed Fireball
 24057 | D:11     | Found a portal to a secret trove of treasure.
 24638 | D:12     | Reached XP level 14. HP: 78/78 MP: 21/33
 25350 | D:12     | Found a staircase to the Orcish Mines.
 25374 | D:12     | Gained mutation: You tend to lose your temper in combat. [mutagenic meat]
 25377 | D:12     | Gained mutation: You are partially covered in iridescent scales. (AC +2) [mutagenic meat]
 25719 | D:12     | Got a twisted battleaxe
 25725 | D:12     | Identified the cursed +1 battleaxe of Ussurgh {chop, Int+3} (You found it on level 12 of the Dungeon)
 25764 | D:12     | Got a steaming hand axe
 25765 | D:12     | Identified the +6 hand axe of the Penguin {chop, +Blink Str+2} (You found it on level 12 of the Dungeon)
 26904 | D:13     | Identified 2 scrolls of acquirement
 26905 | D:13     | Got a pitted copper ring
 26907 | D:13     | Identified the ring "Googa" {Wiz Str+4} (You acquired it on level 13 of the Dungeon)
 27086 | D:13     | Noticed a frost giant
 27087 | D:13     | Noticed a fire giant
 27090 | D:13     | Killed a frost giant
 27625 | D:13     | Found a gate to the Vaults.
 27729 | D:13     | Gained mutation: Your muscles are strong. (Str +2) [mutagenic meat]
 27732 | D:13     | Gained mutation: Your spells are a little easier to cast, but a little less powerful. [mutagenic meat]
 27735 | D:13     | Gained mutation: You are somewhat resistant to further mutation. [mutagenic meat]
 27738 | D:13     | Gained mutation: You are partially covered in rugged brown scales. (AC +1, +3% HP) [mutagenic meat]
 27741 | D:13     | Gained mutation: You expend magic power (3 MP) to strengthen your wands. [mutagenic meat]
 27873 | D:13     | Noticed Josephine
 27879 | D:13     | Offered knowledge of Poisonous Cloud by Vehumet.
 27879 | D:13     | Killed Josephine
 28956 | Orc:1    | Entered Level 1 of the Orcish Mines
 28956 | Orc:1    | Found Yhour's Antique Weapon Shoppe.
 29177 | Orc:1    | Bought an ichor-stained rapier for 225 gold pieces
 29177 | Orc:1    | Identified the +7 rapier of Cigur {venom, Str+5} (You bought it in a shop on level 1 of the Orcish Mines)
 29179 | Orc:1    | Found a roughly hewn altar of Beogh.
 29532 | Orc:2    | Entered Level 2 of the Orcish Mines
 29623 | Orc:2    | Found a bloodstained altar of Trog.
 30088 | Orc:2    | Found Jaerat's Antique Weapon Shop.
 30299 | Orc:2    | Offered knowledge of Poison Arrow by Vehumet.
 30435 | Orc:2    | Found a staircase to the Elven Halls.
 30780 | Orc:2    | Found Nudyoseg's Food Boutique.
 31124 | Orc:2    | Reached XP level 15. HP: 86/86 MP: 22/34
 31128 | Orc:2    | Found Weizopp's Food Shop.
 31202 | Orc:2    | Reached skill level 14 in Spellcasting
 32150 | Orc:2    | Found Ypeduicaiff's Gadget Emporium.
 32150 | Orc:2    | Found Votoxtu's Antique Armour Shoppe.
 32151 | Orc:2    | Found a one-way gate leading to the halls of Pandemonium.
 32164 | Orc:2    | Bought a dazzling leather armour for 161 gold pieces
 32174 | Orc:2    | Identified the +1 leather armour "Xurion" {+Blink rElec rC- Int+3} (You bought it in a shop on level 2 of the Orcish Mines)
 32950 | Swamp:1  | Entered Level 1 of the Swamp
 34206 | Swamp:1  | Offered knowledge of Spellforged Servitor by Vehumet.
 34535 | Swamp:2  | Noticed Jorgrun
 34722 | Swamp:2  | Mangled by a giant leech

Vault maps used:
D:1:      dpeg_arrival_rooms_with_view
D:2:      nemelex_diamond_rough_becter
D:3:      first_bread, uniq_grinder, uniq_sigmund, uniq_terence
D:4:      uniq_eustachio
D:5:      okawaru_gym_becter
D:7:      kennysheep_mini
D:8:      tso_metal_star
D:9:      erik_lair_orcish_takeover, basic_altar
D:10:     basic_altar
D:11:     enter_trove_0, lab_entry_generic, grunt_tengu_nest
D:12:     david_orc_3
D:13:     cross_vault, grunt_vaults_entry_fortified, uniq_josephine
Temple:   nicolae_temple_the_god_donut
Lair:1:   grunt_forest_large_clearing_hut, uniq_joseph
Lair:2:   lemuel_reptile_caves, dummy_snake_entry, minivault_25, st_stairs_5,
          wad_woods_01
Lair:3:   swamp_mist_pool, grunt_megastairs_4
Lair:4:   minmay_lair_venomous_thicket, minmay_hedge_maze, lookout_lair_type
Lair:5:   slime_dummy, infiniplex_staircase_pool_2
Lair:6:   evilmike_catoblepas_cave, nicolae_quartered_pool_medium
Swamp:1:  evilmike_swamp_ruin_house_2
Swamp:2:  wheals_swamp_sinkhole, uniq_jorgrun
Orc:1:    basic_altar, serial_shops, shop
Orc:2:    pf_orc_diabolical, serial_shops, shop_statue, basic_altar
Lab:      labyrinth_watery, nicolae_lab_flowing_pool

Skill      XL: |  1  2  3  4  5  6  7  8  9 10 11 12 13 14 15 |
---------------+----------------------------------------------+-----
Conjurations   | 2 4 5 6 7 8 9 10 11 12 | 12.7
Fire Magic     | 4 5 6 7 8 9 10 11 12 | 12.8
Spellcasting   | 5 6 7 9 10 11 12 13 14 | 14.6
Fighting       | 1 2 3 4 5 6 |  6.5
Short Blades   | 1 2 3 4 5 6 7 |  7.7
Evocations     | 1 2 4 5 6 7 8 |  8.7
Armour         | 1 2 3 4 5 6 |  6.1
Dodging        | 3 4 5 6 7 8 9 |  9.5
Ice Magic      | 1 2 3 4 5 6 7 |  7.7
Air Magic      | 2 3 4 5 6 7 |  7.2
Shields        | 1 3 4 |  4.6
Stealth        | |  2.4

Action                   |  1- 3 |  4- 6 |  7- 9 | 10-12 | 13-15 || total
-------------------------+-------+-------+-------+-------+-------++-------
Melee: Dagger            |    17 |     8 |   233 |    25 |       ||   283
       Rapier            |       |       |       |    63 |   315 ||   378
 Cast: Flame Tongue      |    53 |    46 |   232 |   429 |   407 ||  1167
       Throw Flame       |    14 |    13 |    76 |    94 |    36 ||   233
       Inner Flame       |     1 |     2 |     5 |     3 |     5 ||    16
       Conjure Flame     |     1 |     2 |     5 |     7 |    10 ||    25
       Sticky Flame      |       |       |     9 |    66 |    60 ||   135
       Fireball          |       |       |     1 |    17 |    27 ||    45
       Freeze            |       |       |     1 |     8 |     2 ||    11
       Airstrike         |       |       |       |     5 |    13 ||    18
       Bolt of Fire      |       |       |       |    12 |   212 ||   224
       Dazzling Spray    |       |       |       |     3 |     4 ||     7
       Shock             |       |       |       |     1 |       ||     1
 Abil: Evoke Invisibilit |       |       |       |       |     1 ||     1
Evoke: Wand              |       |       |       |     1 |     1 ||     2
  Use: Potion            |     4 |     2 |     4 |     9 |     7 ||    26
       Scroll            |     1 |     9 |    10 |    12 |    18 ||    50
 Stab: Sleeping          |     1 |     1 |     1 |     1 |     3 ||     7
       Distracted        |       |       |       |       |     1 ||     1
  Eat: Chunk             |     2 |     5 |    13 |    27 |    60 ||   107
       Beef jerky        |       |       |     2 |       |       ||     2
       Meat ration       |       |       |     1 |     1 |     5 ||     7
       Fruit             |       |       |       |     3 |    21 ||    24
       Pizza             |       |       |       |       |     1 ||     1
Armor: Robe              |    11 |     4 |       |       |       ||    15
       Leather armour    |       |       |    88 |    96 |   110 ||   294
Dodge: Dodged            |    56 |    10 |   219 |   234 |   386 ||   905
Block: Buckler           |       |       |       |    17 |   108 ||   125
